 Dungeon Crawl Stone Soup version 0.29-a0-838-g385bb11a5b (webtiles) character file.

Game seed: 12568333931683918347

9 Monkooky the Sneak (level 1, -2/18 HPs)
             Began as a Demigod Delver on July 13, 2022.
             Slain by a gnoll
             ... wielding a +0 spear
              (7 damage)
             ... on level 4 of the Dungeon.
             The game lasted 00:02:23 (394 turns).

Monkooky the Sneak (Demigod Delver)                  Turns: 394, Time: 00:02:24

Health: -2/18      AC:  4    Str: 13    XL:     1   Next: 93%
Magic:  3/3        EV:  6    Int: 12    God:
Gold:   21         SH:  0    Dex: 15    Spells: 0/0 levels left

rFire   . . .      SeeInvis .   a - +0 falchion
rCold   . . .      Faith    .   (no shield)
rNeg    . . .      Spirit   .   b - +0 leather armour
rPois   .          Reflect  .   (no helmet)
rElec   .          Harm     .   (no cloak)
rCorr   .          Rampage  .   j - +0 pair of gloves
Will    .....                   (no boots)
Stlth   +++.......              (no amulet)
HPRegen 0.06/turn               (no ring)
MPRegen 0.08/turn               (no ring)

@: held
A: high MP 1, forlorn, divine attributes
a: no special abilities


You were on level 4 of the Dungeon.
You visited 1 branch of the dungeon, and saw 3 of its levels.

You collected 21 gold pieces.

Inventory:

Hand Weapons
 a - a +0 falchion (weapon)
Armour
 b - a +0 leather armour (worn)
 j - a +0 pair of gloves (worn)
Wands
 g - a wand of digging (3)
 h - a wand of charming (7)
Scrolls
 c - a scroll of fog
 d - a scroll of magic mapping
 e - a scroll of fear
Potions
 f - a potion of haste
 i - 2 potions of heal wounds {unknown}
 k - a potion of mutation {unknown}
 l - a potion of flight {unknown}


   Skills:
 - Level 2.6 Fighting
 + Level 2.5 Long Blades
 - Level 1.7 Dodging
 - Level 4.5 Stealth


You couldn't memorise any spells.
You didn't know any spells.
Your spell library was empty.

Dungeon Overview and Level Annotations

Branches:
Dungeon (5/15)
 Temple: D:4-7


Innate Abilities, Weirdness & Mutations

You have an increased reservoir of magic. (+10% MP)
You shall have no god before yourself.
Your divine heritage dramatically boosts your attributes as you level up.


Message History

The quokka is moderately wounded.
The quokka closely misses you. The quokka barely misses you.
You hit the quokka but do no damage.
The quokka is moderately wounded.
The quokka misses you.
You slash the quokka!
You kill the quokka!
You see here a ball python corpse.
There is a stone staircase leading up here.
You start resting.
HP restored.
An orc comes into view.
It is wielding a +0 trident and carrying a wand of mindburst (8).
An adder and a goblin come into view.
You see here a quokka corpse.
An adder comes into view.
A kobold comes into view. It is wielding a +0 dagger.
The kobold shouts!
A gnoll comes into view. It is wielding a +0 club.
The gnoll shouts! 3 gnolls come into view.
Found a hand axe.
The gnoll shouts! x2
Found 15 gold pieces.
The kobold throws a stone.
The stone barely misses you.
You open the door.
Found a runed flail.
The gnoll throws a throwing net.
The throwing net hits you.
You become entangled in the net!
There is an open door here.
You see here a throwing net.
You tear a large gash into the net.
The gnoll hits you with a +0 club.
You struggle against the net.
The gnoll shouts!
The gnoll hits you from afar with a +0 spear.
The gnoll hits you with a +0 club.
You struggle against the net.
The gnoll hits you from afar with a +0 spear.
* * * LOW HITPOINT WARNING * * *
The gnoll hits you from afar with a +0 spear!
You die...

###########.###.##......
# #............ #
#####.###### # #######
#K# # #...... ##.#######
# #...... #........#
#.^.... #.K......#
#...)..##g.......#
+......@gg.......#
#......##g.......#
#...... ####......
#...... ...... #......
.....) ####### ...$ ...


You could see 4 gnolls and a kobold.

Vanquished Creatures
  A dart slug (D:4)
  2 ball pythons (D:4)
  A giant cockroach (D:4)
  2 quokkas (D:4)
6 creatures vanquished.

Notes
Turn   | Place    | Note
-------+----------+-------------------------------------------
     0 | D:5      | Monkooky the Demigod Delver began the quest for the Orb.
     0 | D:5      | Reached XP level 1. HP: 18/18 MP: 3/3
    76 | D:3      | You fall into a shaft and drop 2 floors!
   143 | D:4      | Noticed an ogre
   394 | D:4      | Slain by a gnoll

Illustrated notes

Levels and vault maps discovered:
D:3:      layout_basic, nicolae_ru_awakened_eye
D:4:      layout_basic, mainiacjoe_overflow_alcove_1,
          mainiacjoe_overflow_catwalk, minmay_surrounded
D:5:      layout_loops_ring, serial_shops, nicolae_shop_behind_doors

Skill      XL: |  1 |
---------------+----+-----
Long Blades    | 2 |  2.5
Fighting       | |  2.6
Dodging        | |  1.7
Stealth        | |  4.5

Action                   || total
-------------------------++-------
Melee: Falchion          ||    21
  Use: Scroll            ||     1
 Stab: Sleeping          ||     1
Armor: Leather armour    ||     3
Dodge: Dodged            ||    13

Table legend: (Time is in decaauts)
 A = Elapsed time spent in this place.
 B = Non-inter-level travel time spent in this place.
 C = Inter-level travel time spent in this place.
 D = Time resting spent in this place.
 E = Time spent auto-exploring this place.
 F = Levels seen in this place.
 G = Mean time per level.
                   A        B        C        D        E       F      G
               +--------+--------+--------+--------+--------+-----+--------+
         Total |    397 |    397 |      0 |     94 |      5 |   3 |  132.3 |
       Dungeon |    397 |    397 |      0 |     94 |      5 |   3 |  132.3 |
               +--------+--------+--------+--------+--------+-----+--------+

Top non-repeatable levels by time:
     D:4: 322 daAuts
     D:5: 58 daAuts
     D:3: 16 daAuts
